 Dungeon Crawl Stone Soup version 0.14-a0-1719-ga7e7698 (webtiles) character file.

678 Psiweapon the Covert (level 7, -4/43 HPs)
             Began as an Octopode Artificer on Jan 2, 2014.
             Slain by a hippogriff (5 damage)
             ... on Level 7 of the Dungeon.
             The game lasted 00:23:40 (4668 turns).

Psiweapon the Covert (Octopode Artificer)           Turns: 4668, Time: 00:23:40

HP  -4/43        AC  3     Str 11      XL: 7   Next: 32%
MP  12/12        EV 12     Int 14      God:
Gold 114         SH  0     Dex 14      Spells:  0 memorised,  6 levels left

rFire  . . .     SeeInvis .     s - +1 elf dagger
rCold  . . .     Clarity  .     (no shield)
rNeg   . . .     Conserve .     g - +2 orc wizard hat (curse)
rPois  .         rCorr    .     (no amulet)
rElec  .         rRot     .     (no ring)
SustAb . .       Spirit   .     (no ring)
rMut   .         Warding  .     (no ring)
Saprov . . .     Stasis   .     (no ring)
                                (no ring)
                                (no ring)
                                (no ring)
                                (no ring)

@: slightly resistant to hostile enchantments, extremely stealthy
A: almost no armour, amphibious, 8 rings, constrict 8, camouflage 1, gelatinous
body 1
a: no special abilities


You were on level 7 of the Dungeon.
You were not hungry.

You visited 1 branch of the dungeon, and saw 8 of its levels.

You collected 114 gold pieces.

Inventory:

Hand weapons
 a - a +0,+0 short sword
 s - a +1,+1 elven dagger (weapon)
 t - a cursed +2,+1 short sword
 v - a -1,+4 orcish dagger
 C - a +2,+0 elven cutlass
 I - a +2,+2 mace of protection
 L - a +1,+1 crossbow
 S - a +2,+0 elven dagger
Missiles
 q - 7 tomahawks (quivered)
Armour
 g - a cursed +2 orcish wizard hat (worn)
 l - a cursed -2 pair of boots
 m - a +2 leather armour
 D - a +1 pair of boots
 F - a +0 pair of gloves
 Q - a cursed +0 pair of boots
 W - a cursed +0 ring mail
Magical devices
 b - a wand of flame (8)
 c - a wand of enslavement (7)
 d - a wand of random effects (11)
 B - a wand of fireball (2)
 N - a wand of flame (6)
Comestibles
 f - 4 bread rations
 h - 2 apples
 j - a lemon
 x - a pear
 T - a meat ration
Scrolls
 i - 2 scrolls of fear
 k - a scroll of fog {unknown}
 n - 2 scrolls of enchant weapon II {unknown}
 o - 3 scrolls of curse weapon {unknown}
 p - 3 scrolls of enchant weapon I
 r - 3 scrolls of teleportation
 u - 2 scrolls of enchant armour
 w - a scroll of amnesia {unknown}
 y - a scroll of curse jewellery {unknown}
 A - 2 scrolls of identify
 E - 2 scrolls of blinking {unknown}
 H - a scroll of random uselessness {unknown}
 K - a scroll of recharging
 M - 2 scrolls of remove curse
 R - a scroll of noise {unknown}
Potions
 e - 2 potions of magic {unknown}
 z - 2 potions of heal wounds {unknown}
 J - 5 potions of curing {unknown}
 O - 2 potions of poison {unknown}
 P - 2 potions of restore abilities {unknown}
Books
 V - a book of the Dragon

   Spells                             Type                      Level
   Flight                             Charms/Air                   3
   Cause Fear                         Hexes                        4
   Bolt of Fire                       Conjuration/Fire             6
   Dragon Form                        Transmutation                7
   Summon Dragon                      Summoning                    9


   Skills:
 - Level 1.0 Fighting
 + Level 3.9 Short Blades
 - Level 2.0 Dodging
 + Level 8.1 Stealth
 - Level 5.0 Evocations


You had 6 spell levels left.
You didn't know any spells.

Dungeon Overview and Level Annotations

Branches:
Dungeon (8/16)
 Temple: D:4-7         Lair: D:8-11

Altars:
Sif Muna
Vehumet
Xom

Shops:
D:6 /=

Annotations:
D:2 1 exclusion
D:3 1 exclusion, Grinder
D:5 ahoge's ghost, average MiBe


Innate Abilities, Weirdness & Mutations

You cannot wear most types of armour.
You are amphibious.
You can wear up to eight rings at the same time.
You can use your tentacles to constrict many enemies at once.
Your skin changes colour to match your surroundings (Stlth).
Your rubbery body absorbs attacks (AC +1).


Message History

You feel better.
The hippogriff is no longer charmed.
Throwing (i - inventory. (,) - cycle):
G - a poisoned javelin (quivered)
Press: ? - help, Shift-Dir - straight line, f/p - goblin
Aim: a goblin, wielding a dagger You throw a poisoned javelin.
The poisoned javelin misses the goblin.
The crimson imp blinks!
You completely miss the goblin. Your grab misses the goblin.
The goblin hits you but does no damage.
You hit the goblin.
You kill the goblin!
Evoke which item? (* to show all) (? for menu, Esc to quit)
Zapping:
b - a wand of flame (9)
Press: ? - help, Shift-Dir - straight line, f - hippogriff
Aim: a hippogriff (almost dead)
The puff of flame misses the hippogriff.
This wand has 8 charges left.
The hippogriff bites you.
* * * LOW HITPOINT WARNING * * *
The hippogriff pecks you.
You die...

.##########..<....#
(...............### ###.
#############...# .....
#############>..######(.%..
<...........................
#############...###.........
#########...#...##.....#
.............(.........#
............@H(((......#
############...##.....#
.........# .....# #####...#
##### #...# #...# #...#
#...# #####


You could see a hippogriff.

Vanquished Creatures
  A giant frog (D:7)
  2 crimson imps
  A quasit (D:6)
  A giant frog skeleton (D:4)
  4 orc wizards
  A scorpion (D:6)
  A worker ant (D:6)
  Jessica (D:7)
  2 mummies (D:6)
  2 gnolls (D:1)
  4 adders
  A giant mite (D:6)
  3 worms
  An adder skeleton (D:4)
  4 giant geckos
  3 oozes (D:1)
  5 orcs
  4 ball pythons
  10 bats
  A bat zombie (D:5)
  5 giant cockroaches
  12 hobgoblins
  11 kobolds
  2 quokkas
  A giant gecko skeleton (D:4)
  4 giant newts
  10 goblins
  9 rats
106 creatures vanquished.

Vanquished Creatures (collateral kills)
  A soldier ant zombie (D:7)
  An ooze (D:1)
  3 goblins
  A hobgoblin (D:1)
  A giant cockroach (D:1)
  A giant gecko (D:1)
  A rat (D:3)
9 creatures vanquished.

Grand Total: 115 creatures vanquished

Notes
Turn   | Place    | Note
--------------------------------------------------------------
     0 | D:1      | Psiweapon, the Octopode Artificer, began the quest for the Orb.
     0 | D:1      | Reached XP level 1. HP: 13/13 MP: 1/1
   258 | D:1      | Reached skill level 4 in Evocations
   258 | D:1      | Reached XP level 2. HP: 15/18 MP: 3/3
   831 | D:1      | Reached XP level 3. HP: 17/23 MP: 5/5
  1029 | D:1      | Reached skill level 5 in Evocations
  1775 | D:2      | Reached XP level 4. HP: 23/28 MP: 7/7
  2816 | D:3      | Reached XP level 5. HP: 30/33 MP: 9/9
  2878 | D:3      | Reached skill level 5 in Stealth
  3046 | D:3      | Found a shimmering altar of Xom.
  3116 | D:3      | Noticed Grinder
  3247 | D:4      | Found a radiant altar of Vehumet.
  3432 | D:4      | Noticed a slave
  3442 | D:5      | Entered Level 5 of the Dungeon
  3570 | D:6      | Reached skill level 6 in Stealth
  3588 | D:6      | Found Mne Deor's Magical Wand Emporium.
  3590 | D:6      | Found Choap's Jewellery Shop.
  3900 | D:5      | Noticed ahoge's ghost (average MiBe)
  3927 | D:6      | Reached XP level 6. HP: 38/38 MP: 11/11
  4158 | D:6      | Reached skill level 7 in Stealth
  4560 | D:7      | Noticed Jessica
  4569 | D:7      | Killed Jessica
  4569 | D:7      | Reached XP level 7. HP: 35/43 MP: 12/12
  4570 | D:7      | Found a deep blue altar of Sif Muna.
  4634 | D:7      | Noticed a hippogriff
  4638 | D:7      | Reached skill level 8 in Stealth
  4668 | D:7      | HP: 1/43 [hippogriff (5)]
  4668 | D:7      | Slain by a hippogriff

Action                   |  1- 3 |  4- 6 |  7- 9 || total
-------------------------+-------+-------+-------++-------
Melee: Short sword       |    24 |       |       ||    24
       Dagger            |    72 |   125 |    14 ||   211
       Spear             |       |     5 |       ||     5
Throw: Tomahawk          |    15 |    10 |       ||    25
       Javelin           |       |    15 |     6 ||    21
Evoke: Wand              |     5 |    12 |     3 ||    20
  Use: Scroll            |       |     5 |       ||     5
 Stab: Sleeping          |     3 |    15 |       ||    18
       Distracted        |       |     2 |       ||     2
